 Dungeon Crawl Stone Soup version 0.30-b1-2-g02819fbbbe (webtiles) character file.

Game seed: 6026050405179437680

329481 2tc the Tortoise (level 21, -11/168 HPs)
             Began as a Merfolk Gladiator on Aug 19, 2023.
             Was the Champion of Qazlal.
             Mangled by a deep troll (27 damage)
             ... led by an ironbound preserver
             ... while paralysed by a sphinx
             ... on level 4 of the Vaults on Aug 25, 2023.
             The game lasted 04:14:25 (44712 turns).

2tc the Tortoise (Merfolk Gladiator)               Turns: 44712, Time: 04:14:27

Health: -11/168    AC: 34    Str: 20    XL:     21   Next: 72%
Magic:  42/42      EV:  2    Int:  4    God:    Qazlal [******]
Gold:   4392       SH:  0    Dex: 23    Spells: 20/20 levels left

rFire   + + +        D - +7 demon trident (vamp)
rCold   + . .        q - +3 buckler {rC+ rF+}
rNeg    . . .        T - +10 plate armour of Meda {rPois rF+ Regen+}
rPois   +            Y - +0 hat of Dice, Bag, and Bottle {Rampage Dex+3}
rElec   +            Q - +0 cloak of Happy Babbling {rElec rF+ Int-4 SInv}
rCorr   .            m - +0 pair of gloves
SInv    +            N - +2 pair of boots
Will    ++...        P - amulet of reflection Stlth
                     K - ring "Guiv" {rPois Will+ MP+9}
HPRegen 1.28/turn    W - +5 ring of evasion
MPRegen 0.28/turn

%: repel missiles, reflection, rampage
@: paralysed, protected from fire, studying Ice Magic
A: (nimble swimmer 2), mertail
}: 2/15 runes: serpentine, barnacled
a: Renounce Religion, Upheaval, Elemental Force, Disaster Area


You were on level 4 of the Vaults.
You worshipped Qazlal.
Qazlal was exalted by your worship.
You visited 8 branches of the dungeon, and saw 36 of its levels.
You also visited: Ossuary, Ice Cave and Desolation.

You collected 5205 gold pieces.
You spent 813 gold pieces at shops.

Inventory:

Hand Weapons
 b - the +10 trident "Giant's Undoing" {venom, rPois rC- Will+ Str+2}
   (You found it on level 3 of the Lair of Beasts)

   Str:       It affects your strength (+2).
   rC:        It makes you vulnerable to cold.
   rPois:     It protects you from poison.
   Will:      It increases your willpower.
 o - a +1 spear of freezing
 D - a +7 vampiric demon trident (weapon)
 X - the +9 halberd of Circularity {heavy, rElec rPois Int-3}
   (You found it on level 3 of the Vaults)

   Int:       It affects your intelligence (-3).
   rElec:     It insulates you from electricity.
   rPois:     It protects you from poison.
Missiles
 d - 5 throwing nets
 e - 10 javelins (quivered)
 f - 4 curare-tipped darts
 g - 129 stones
 l - 34 poisoned darts
 p - 16 boomerangs
 C - 4 silver boomerangs
 F - 11 silver javelins
 H - 5 datura-tipped darts
 V - 8 boomerangs of dispersal
Armour
 c - a +1 helmet
 m - a +0 pair of gloves (worn)
 q - a +3 buckler of resistance (worn)
 N - a +2 pair of boots (worn)
 Q - the +0 cloak of Happy Babbling (worn) {rElec rF+ Int-4 SInv}
   (You bought it in a shop on level 2 of the Orcish Mines)

   Int:       It affects your intelligence (-4).
   rF:        It protects you from fire.
   rElec:     It insulates you from electricity.
   SInv:      It lets you see invisible.
 T - the +10 plate armour of Meda (worn) {rPois rF+ Regen+}
   (You found it on level 3 of the Lair of Beasts)

   rF:        It protects you from fire.
   rPois:     It protects you from poison.
   Regen:     It increases your rate of health regeneration.
 Y - the +0 hat of Dice, Bag, and Bottle (worn) {Rampage Dex+3}
   (You acquired it on level 1 of the Vaults)

   Dex:       It affects your dexterity (+3).
   Rampage:   It bestows one free step when moving towards enemies.
Jewellery
 a - a +6 ring of strength
 y - a ring of flight
 z - an amulet of regeneration
 K - the ring "Guiv" (left hand) {rPois Will+ MP+9}
   (You bought it in a shop on level 5 of the Dungeon)

   [ring of magical power]

   rPois:     It protects you from poison.
   MP:        It affects your magic capacity (+9).
   Will:      It increases your willpower.
 O - a ring of willpower
 P - an amulet of reflection (around neck)
 W - a +5 ring of evasion (right hand)
Wands
 u - a wand of iceblast (6)
 w - a wand of digging (5)
 I - a wand of mindburst (37)
 S - a wand of light (7)
 U - a wand of polymorph (4)
Scrolls
 v - 8 scrolls of fog
 B - 2 scrolls of brand weapon
 E - 15 scrolls of teleportation
 G - 3 scrolls of fear
 L - 2 scrolls of enchant weapon
 M - a scroll of silence
 R - 2 scrolls of blinking
Potions
 i - 4 potions of haste
 k - 11 potions of curing
 n - 4 potions of invisibility
 s - a potion of resistance
 x - 3 potions of ambrosia
 A - 5 potions of heal wounds
 J - 2 potions of cancellation
 Z - 2 potions of might
Miscellaneous
 h - a phantom mirror
 j - a box of beasts
 r - a lightning rod (4/4)
 t - a condenser vane


   Skills:
 - Level 15.0 Fighting
 - Level 14.0 Polearms
 - Level 12.0 Throwing
 + Level 16.4 Armour
 - Level 16.0 Dodging
 - Level 16.0 Shields
 - Level 16.0 Invocations
 - Level 10.0 Evocations


You had 20 spell levels left.
You didn't know any spells.
Your spell library contained the following spells:

 Spells                   Type           Power      Damage    Failure   Level
 Apportation              Tloc           0%         N/A       100%        1
 Beastly Appendage        Tmut           0%         N/A       100%        1
 Foxfire                  Conj/Fire      0%         2x1d4     100%        1
 Freeze                   Ice            0%         1d3       100%        1
 Kiss of Death            Conj/Necr      0%         2d5       100%        1
 Necrotise                Necr           0%         1d4       100%        1
 Slow                     Hex            0%         N/A       100%        1
 Summon Small Mammal      Summ           0%         N/A       100%        1
 Cigotuvi's Dreadful Rot  Necr/Pois/Air  0%         N/A       100%        2
 Ensorcelled Hibernation  Hex/Ice        0%         N/A       100%        2
 Lesser Beckoning         Tloc           0%         N/A       100%        2
 Sublimation of Blood     Necr           0%         N/A       100%        2
 Wereblood                Tmut           0%         N/A       100%        2
 Call Canine Familiar     Summ           0%         N/A       100%        3
 Confusing Touch          Hex            0%         N/A       100%        3
 Dazzling Flash           Conj/Hex       0%         N/A       100%        3
 Frozen Ramparts          Ice            0%         1d1       100%        3
 Gell's Gravitas          Tloc           0%         N/A       100%        3
 Hailstorm                Conj/Ice       0%         3d3       100%        3
 Ignite Poison            Fire/Tmut/Pois 0%         N/A       100%        3
 Inner Flame              Hex/Fire       0%         N/A       100%        3
 Mephitic Cloud           Conj/Pois/Air  0%         N/A       100%        3
 Ozocubu's Armour         Ice            0%         N/A       100%        3
 Spider Form              Tmut/Pois      0%         N/A       100%        3
 Summon Guardian Golem    Hex/Summ       0%         N/A       100%        3
 Teleport Other           Tloc           0%         N/A       100%        3
 Tukima's Dance           Hex            0%         N/A       100%        3
 Vampiric Draining        Necr           0%         2d6       100%        3
 Vhi's Electric Charge    Tloc/Air       0%         N/A       100%        3
 Volatile Blastmotes      Fire/Tloc      0%         2d10      100%        3
 Anguish                  Hex/Necr       0%         N/A       100%        4
 Cause Fear               Hex            0%         N/A       100%        4
 Dispel Undead            Necr           0%         3d6       100%        4
 Flame Wave               Conj/Fire      0%         2d4       100%        4
 Ice Form                 Ice/Tmut       0%         N/A       100%        4
 Iskenderun's Mystic Bla  Conj/Tloc      0%         2d3       100%        4
 Manifold Assault         Tloc           0%         N/A       100%        4
 Passage of Golubria      Tloc           0%         N/A       100%        4
 Petrify                  Tmut/Erth      0%         N/A       100%        4
 Sticky Flame             Conj/Fire      0%         2d3       100%        4
 Summon Ice Beast         Ice/Summ       0%         N/A       100%        4
 Alistair's Intoxication  Tmut/Pois      0%         N/A       100%        5
 Arcjolt                  Conj/Air       0%         1d10      100%        5
 Fireball                 Conj/Fire      0%         3d3       100%        5
 Freezing Cloud           Conj/Ice/Air   0%         6-21      100%        5
 Irradiate                Conj/Tmut      0%         3d11      100%        5
 Iskenderun's Battlesphe  Conj           0%         2d6       100%        5
 Metabolic Englaciation   Hex/Ice        0%         N/A       100%        5
 Summon Forest            Summ/Tloc      0%         N/A       100%        5
 Summon Mana Viper        Hex/Summ       0%         N/A       100%        5
 Yara's Violent Unravell  Hex/Tmut       0%         3d3       100%        5
 Death Channel            Necr           0%         N/A       100%        6
 Dispersal                Tloc           0%         N/A       100%        6
 Eringya's Noxious Bog    Tmut/Pois      0%         N/A       100%        6
 Iron Shot                Conj/Erth      0%         9d1       100%        6
 Plasma Beam              Fire/Air       0%         2x1d11    100%        6
 Simulacrum               Ice/Necr       0%         N/A       100%        6
 Starburst                Conj/Fire      0%         6d3       100%        6
 Summon Cactus Giant      Summ           0%         N/A       100%        6
 Dragon Form              Tmut           0%         N/A       100%        7
 Enfeeble                 Hex            0%         N/A       100%        7
 Haunt                    Necr/Summ      0%         N/A       100%        7
 Spellforged Servitor     Conj/Summ      0%         N/A       100%        7
 Storm Form               Tmut/Air       0%         N/A       100%        7
 Summon Hydra             Summ           0%         N/A       100%        7
 Disjunction              Tloc           0%         N/A       100%        8
 Maxwell's Capacitive Co  Air            0%         ∞         100%        8
 Dragon's Call            Summ           0%         N/A       100%        9


Dungeon Overview and Level Annotations

Branches:
Dungeon (15/15)            Temple (1/1) D:5            Lair (5/5) D:11
 Shoals (4/4) Lair:2        Snake (4/4) Lair:3        Slime (0/5) Lair:5
    Orc (2/2) D:9             Elf (0/3) Orc:2        Vaults (4/5) D:13
  Crypt (0/3) Vaults:3     Depths (1/4) D:15        Ossuary (visited)
  IceCv (visited)         Desolation (visited)

Altars:
Ashenzari
Cheibriados
Dithmenos
Elyvilon
Fedhas
Gozag
Hepliaklqana
Kikubaaqudgha
Makhleb
Nemelex Xobeh
Okawaru
Qazlal
Ru
Sif Muna
Trog
Uskayaw
Vehumet
Wu Jian
Xom
Yredelemnul
Zin
The Shining One
Jiyva

Shops:
D:5 !=[=!   D:6 [   Orc:2 =([[   Shoals:2 (*[   Snake:2 ::=   Vaults:4 (

Portals:
Hell: Depths:1
Abyss: Depths:1*

Annotations:
Shoals:4 1 runed translucent door, Discosetron's ghost, veteran DjFE
Snake:3 2 transporters, Vorhees's ghost, journeyman DECj
Depths:1 2 transporters, Darold's ghost, veteran KoVM


Innate Abilities, Weirdness & Mutations

((You are very nimble when in or above water. (Stealth+, EV+, Speed+++)))
Your lower body shifts to a powerful aquatic tail in water.


Message History

The sphinx casts a spell.
You suddenly lose the ability to move!
A wizard comes into view. It is wielding a +0 dagger.
The deep troll barely misses you.
The deep troll claws you but does no damage. x2
The vault warden hits you but does no damage.
The sphinx casts a spell.
You resist with almost no effort.
The yaktaur captain zombie is engulfed in freezing vapours.
The deep troll is engulfed in blazing flames.
The deep troll bites you but does no damage.
The deep troll claws you!!
You feel more protected from physical attacks.
The deep troll barely misses you.
The vault warden hits you but does no damage.
The sphinx hits you but does no damage. The sphinx hits you!
* * * LOW HITPOINT WARNING * * *
The sphinx hits you but does no damage.
The yaktaur is engulfed in blazing flames.
A yaktaur comes into view.
The deep troll is engulfed in blazing flames.
The deep troll completely misses you.
The deep troll claws you but does no damage. x2
The sphinx mumbles some strange words.
Something smites you!
* * * LOW HITPOINT WARNING * * *
The vault warden hits you with a +2 broad axe of flaming!
* * * LOW HITPOINT WARNING * * *
Your resistance to physical damage fades away.
You feel protected from fire.
The yaktaur captain zombie is engulfed in freezing vapours.
The yaktaur is engulfed in blazing flames.
The sphinx casts a spell.
You resist with almost no effort.
The vault warden hits you with a +2 broad axe of flaming!
* * * LOW HITPOINT WARNING * * *
You feel more protected from fire.
The deep troll is engulfed in blazing flames.
The deep troll bites you!!
You die...

,,,,,,,,,,,,,,,,,,,,,,,,,,,,,,,,,
,,,,,,,,,,..........,,,,,,,,,,,,,
**********#........,,,,,,,,,,,,,,
,,,,* #........,,,,,,,,,,,,,,
,,,,* #.....c.,,,,,,,,,,,,,,,
,,,,* #.....pp,,,,,,,,,,,,,,,
,,,,* ***#....°c#**+******,,,,,,
,,,,* *,,#...°Tp#,,,,,,,,*,,,,,,
,,,,****,,#...ZH@#,,,,,,,,*,,,,,,
,,,,**,,,,#.....○#,,,,,,,,*,,,,,,
******,,,,+....○☼#,,,,,,,,*,,,,,,
,,* ***,,#......#,,,,,,,,*,,,,,,
,,* *,,#......#,,,,,,,,*,,,,,,
,,* ***#......#,,,,,,,,*,,,,,,
,,* #......###+*********,,, ,,*
#........#,,,,,,,,,*,,, ,,*
#........#,,,,,,,,,*,,,


You could see a sphinx, a vault warden, a deep troll (strong), 2 yaktaurs, a
necromancer, a wizard and a yaktaur captain zombie.

Vanquished Creatures
  Vashnia (Snake:3)
  Margery (Vaults:3)
  Nikola (Snake:3)
  Rupert (D:13)
  Mlioglotl (Snake:2)
  A sphinx (Vaults:4)
  Polyphemus (Shoals:4)
  A storm dragon (Depths:1)
  Donald (Snake:4)
  6 nagarajas (Snake:4)
  A frost giant (Depths:1)
  Ilsuiw (Shoals:2)
  8 vault wardens
  Aizul (Snake:1)
  An orc warlord (Orc:2)
  A ghoul (Vaults:3)
  2 angels (Vaults:4)
  5 very ugly things
  12 ironbound preservers
  5 ironbound thunderhulks
  5 stone giants
  A vampire knight (Vaults:2)
  The ghost of Piklurac the Marksspriggan, a journeyman SpHu of Dithmenos (Shoals:3)
  8 dire elephants
  4 spark wasps (Depths:1)
  Josephine (D:10)
  5 merfolk impalers
  8 merfolk javelineers
  6 ettins
  2 fire dragons (Depths:1)
  10 yaktaur captains
  A deep elf high priest (Vaults:2)
  5 great orbs of eyes
  3 hydras
  A catoblepas (Shoals:3)
  A ragged hierophant (Vaults:4)
  A rakshasa (Depths:1)
  A merfolk aquamancer (Shoals:4)
  7 merfolk avatars
  10 ironbound frosthearts
  2 ice dragons
  3 caustic shrike simulacra (IceCv)
  8 boulder beetles
  3 alligator snapping turtles
  11 centaur warriors
  9 anacondas
  Erica (D:10)
  6 two-headed ogres
  2 dancing weapons (D:13)
  14 death yaks
  12 naga warriors
  A death knight (Vaults:3)
  2 satyrs (Shoals:2)
  2 tengu warriors (D:15)
  A titan zombie (Vaults:3)
  3 deep troll earth magi (Depths:1)
  A spriggan berserker (Depths:1)
  7 orc high priests (Orc:2)
  4 deep troll shamans (Depths:1)
  A hell knight (Vaults:3)
  8 shock serpents
  A sun demon (Depths:1)
  16 naga sharpshooters
  Nergalle (D:10)
  3 iron trolls (Depths:1)
  6 skysharks
  3 salamander mystics
  16 sea snakes
  2 orange crystal statues (IceCv)
  A kraken simulacrum (Shoals:4)
  A tengu zombie (Vaults:3)
  2 glowing orange brains
  16 ironbound convokers
  6 wizards
  36 deep trolls
  27 harpies
  2 orc knights
  A flayed ghost (Depths:1)
  An obsidian statue (D:15)
  9 lindwurms
  9 naga ritualists
  3 deep elf pyromancers
  An oklob plant (Lair:3)
  12 mana vipers
  8 cyclopes
  A wolf spider (Lair:5)
  7 necromancers
  14 elephants
  19 manticores
  11 fauns
  A sphinx skeleton (Vaults:3)
  32 ugly things
  An orc sorcerer (Orc:2)
  11 salamanders
  2 worldbinders (Vaults:2)
  11 naga magi
  11 vault sentinels
  11 guardian serpents
  A stone giant skeleton (Vaults:3)
  7 water nymphs
  2 ice statues (Snake:1)
  16 merfolk sirens
  A human skeleton (Vaults:2)
  A molten gargoyle (Desolation)
  29 black mambas
  3 gargoyles
  12 cane toads
  A yaktaur zombie (Vaults:4)
  2 rime drakes
  2 unseen horrors
  9 komodo dragons
  2 anaconda simulacra (IceCv)
  24 yaktaurs
  3 golden dragon simulacra (IceCv)
  3 freezing wraiths (IceCv)
  9 merfolk
  An elf skeleton (Vaults:3)
  3 meliai (D:14)
  4 wind drakes
  8 trolls
  10 polar bears
  2 raiju (Lair:5)
  A hornet (shapeshifter) (D:14)
  13 saltlings
  A sphinx simulacrum (Vaults:3)
  37 blink frogs
  A frost giant simulacrum (Vaults:2)
  13 dream sheep
  An ettin zombie (Vaults:3)
  11 snapping turtles
  24 slime creatures
  9 wraiths
  An ettin skeleton (Vaults:3)
  2 spriggans (shapeshifter)
  A shadow (D:9)
  2 dire elephant simulacra (IceCv)
  9 water elementals
  5 basilisks
  6 wyverns
  A steam dragon (D:8)
  70 yaks
  A glowing shapeshifter zombie (Vaults:3)
  7 vampire mosquitoes
  15 wargs
  Menkaure (D:4)
  3 acid dragons
  48 nagas
  19 water moccasins
  3 hydra simulacra (IceCv)
  13 hell hounds (Lair:5)
  2 glowing shapeshifter skeletons (Vaults:2)
  4 ice beasts
  13 orc warriors
  12 ogres
  2 sky beasts
  15 black bears
  An elf simulacrum (Vaults:3)
  2 ettin simulacra (IceCv)
  23 wolves
  2 alligator simulacra (IceCv)
  2 boggarts (Vaults:2)
  2 centaurs
  3 phantoms
  17 bullfrogs
  A kobold brigand (D:11)
  Blork the orc (D:5)
  A gnoll sergeant (D:9)
  16 scorpions
  3 wights (D:8)
  10 killer bees
  2 electric eels (D:12)
  2 howler monkeys (D:8)
  6 centaur zombies (Ossuary)
  3 jellies
  A hound (D:5)
  2 human zombies (Ossuary)
  37 orc priests
  A gnoll bouda (D:6)
  4 iguanas
  4 sleepcaps
  4 scorpion zombies (Ossuary)
  14 orc wizards
  3 mummies (Ossuary)
  8 adders
  11 gnolls
  3 shadow imps
  4 white imps
  An ufetubus (D:5)
  3 worms
  5 dart slugs
  100 orcs
  5 bats
  8 endoplasms
  4 giant cockroaches
  4 goblins (D:1)
  3 hobgoblins
  4 kobolds
  4 quokkas
  6 ball pythons
  6 frilled lizards
  2 gnoll zombies (Ossuary)
  2 goblin zombies (Ossuary)
  A hobgoblin zombie (Ossuary)
  A kobold zombie (Ossuary)
  An orc zombie (Ossuary)
  10 rats
  2 bushes (Lair:4)
1435 creatures vanquished.

Vanquished Creatures (collateral kills)
  A merfolk impaler (Shoals:4)
  A merfolk aquamancer (Shoals:4)
  3 death yaks (Lair:3)
  A sea snake (Snake:4)
  A yak (D:10)
7 creatures vanquished.

Vanquished Creatures (others)
  A great orb of eyes (Vaults:3)
  A black mamba (Snake:4)
  A guardian serpent (Desolation)
  A merfolk (Shoals:4)
  A saltling (Desolation)
  A naga (Snake:3)
  2 kobolds (D:11)
  8 bushes (D:15)
  25 fungi
  114 plants
  4 tentacles (Shoals:4)
  2 withered plants (Shoals:4)
161 creatures vanquished.

Grand Total: 1603 creatures vanquished

Notes
Turn   | Place    | Note
-------+----------+-------------------------------------------
     0 | D:1      | 2tc the Merfolk Gladiator began the quest for the Orb.
     0 | D:1      | Reached XP level 1. HP: 16/16 MP: 1/1
   119 | D:1      | Reached XP level 2. HP: 22/22 MP: 2/2
   297 | D:1      | Reached skill level 5 in Polearms
   609 | D:1      | Reached XP level 3. HP: 23/27 MP: 3/3
  1510 | D:2      | Reached XP level 4. HP: 28/33 MP: 4/4
  2076 | D:3      | Found a shimmering blue altar of Sif Muna.
  2114 | D:3      | Found a shadowy altar of Dithmenos.
  2209 | D:3      | Reached XP level 5. HP: 29/38 MP: 5/5
  2547 | D:3      | Found a stormy altar of Qazlal.
  2548 | D:3      | Found a white marble altar of Elyvilon.
  2557 | D:3      | Became a worshipper of Qazlal Stormbringer
  2963 | D:4      | Reached XP level 6. HP: 14/44 MP: 6/6
  3413 | D:4      | Noticed Menkaure
  3450 | D:4      | Killed Menkaure
  3451 | D:4      | Reached skill level 10 in Polearms
  3451 | D:4      | Reached XP level 7. HP: 22/50 MP: 7/7
  4114 | D:5      | Entered Level 5 of the Dungeon
  4457 | D:5      | Reached XP level 8. HP: 35/56 MP: 8/8
  4515 | D:5      | Found Caruule's Antique Armour Shop.
  4527 | D:5      | Noticed Blork the orc
  4550 | D:5      | Killed Blork the orc
  4605 | D:5      | Found a staircase to the Ecumenical Temple.
  4614 | Temple   | Entered the Ecumenical Temple
  4620 | D:5      | Found Fuangup's Jewellery Emporium.
  4660 | D:5      | Found a sand-covered staircase.
  4686 | Ossuary  | Entered an ossuary
  4877 | Ossuary  | Reached skill level 5 in Throwing
  4898 | Ossuary  | Reached * piety under Qazlal
  5060 | Ossuary  | Reached skill level 1 in Armour
  5290 | Ossuary  | Reached XP level 9. HP: 60/61 MP: 9/9
  5675 | D:5      | Found Xaneaxu's Jewellery Shop.
  5931 | D:5      | Found Jezxynuu's Distillery.
  6054 | D:5      | Reached ** piety under Qazlal
  6055 | D:5      | Reached skill level 5 in Armour
  6158 | D:5      | Found Haips's Distillery.
  6162 | D:5      | Bought a potion of lignification for 42 gold pieces
  6482 | D:5      | Reached skill level 1 in Invocations
  6652 | D:6      | Found Gevvu Cula's Antique Armour Shop.
  6911 | D:6      | Reached skill level 5 in Invocations
  7787 | D:7      | Reached skill level 1 in Evocations
  7787 | D:7      | Reached XP level 10. HP: 62/68 MP: 14/14
  9025 | D:7      | Reached skill level 5 in Evocations
  9213 | D:8      | Noticed a two-headed ogre
  9216 | D:8      | Noticed a gargoyle
  9257 | D:8      | Killed a gargoyle
  9266 | D:8      | Killed a two-headed ogre
 10325 | D:9      | Noticed a two-headed ogre
 10358 | D:9      | Killed a two-headed ogre
 10359 | D:9      | Reached XP level 11. HP: 62/73 MP: 16/18
 10575 | D:8      | Reached skill level 10 in Invocations
 10620 | D:9      | Identified the +1 hand axe of the Loving Moth {venom,
                  | Int+3}
 10713 | D:9      | Found a staircase to the Orcish Mines.
 10787 | D:9      | Reached *** piety under Qazlal
 10953 | D:9      | Noticed a two-headed ogre
 10962 | D:9      | Killed a two-headed ogre
 10963 | D:9      | Reached skill level 5 in Fighting
 11142 | D:9      | Reached skill level 1 in Shields
 12035 | D:10     | Entered Level 10 of the Dungeon
 12056 | D:10     | Noticed Nergalle
 12061 | D:10     | Killed Nergalle
 12225 | D:10     | Noticed Erica
 12321 | D:10     | Killed Erica
 12322 | D:10     | Reached skill level 5 in Shields
 12911 | D:10     | Noticed Josephine
 12943 | D:10     | Killed Josephine
 13640 | D:11     | Noticed a boulder beetle
 13787 | D:10     | Reached XP level 12. HP: 22/88 MP: 20/20
 14741 | D:11     | Killed a boulder beetle
 14962 | D:11     | Noticed a two-headed ogre
 15451 | D:12     | Noticed a two-headed ogre
 15539 | D:12     | Killed a two-headed ogre
 16201 | D:12     | Noticed a two-headed ogre
 16245 | D:12     | Killed a two-headed ogre
 16631 | D:11     | Reached skill level 10 in Throwing
 16716 | D:11     | Killed a two-headed ogre
 17019 | D:11     | Noticed a boulder beetle
 17038 | D:11     | Killed a boulder beetle
 17039 | D:11     | Reached XP level 13. HP: 80/93 MP: 17/22
 17105 | D:11     | Found a staircase to the Lair.
 17430 | D:5      | Bought the ring "Guiv" {rPois Will+ MP+9} for 515 gold
                  | pieces
 17570 | Lair:1   | Entered Level 1 of the Lair of Beasts
 17791 | Lair:1   | Reached skill level 5 in Dodging
 18087 | Lair:1   | Reached **** piety under Qazlal
 19736 | Lair:2   | Found a staircase to the Shoals.
 20148 | Lair:3   | Identified the +10 trident "Giant's Undoing" {venom, rPois
                  | rC- Will+ Str+2}
 20168 | Lair:3   | Reached XP level 14. HP: 88/108 MP: 23/23
 20352 | Lair:3   | Identified the +10 plate armour of Meda {rPois rF+ Regen+}
 20468 | Lair:3   | Reached skill level 10 in Fighting
 20796 | Lair:3   | Found a staircase to the Snake Pit.
 21363 | Lair:3   | Got the Book of Infected Transition
 22369 | Lair:5   | Entered Level 5 of the Lair of Beasts
 22610 | Lair:5   | Reached ***** piety under Qazlal
 22649 | Lair:5   | Reached XP level 15. HP: 106/115 MP: 24/24
 22769 | Lair:4   | Reached skill level 10 in Armour
 22886 | Lair:5   | Found the +8 arc blade {discharge, rElec}
 23018 | Lair:5   | Found a viscous altar of Jiyva.
 23018 | Lair:5   | Found a staircase to the Slime Pits.
 23554 | Lair:5   | Reached ****** piety under Qazlal
 24556 | D:13     | Found a gate to the Vaults.
 24778 | D:14     | Noticed Rupert
 24806 | D:13     | Killed Rupert
 25468 | D:15     | Entered Level 15 of the Dungeon
 25668 | D:15     | Found a staircase to the Depths.
 25743 | D:15     | Found a shimmering blue altar of Sif Muna.
 26190 | D:15     | Reached XP level 16. HP: 122/122 MP: 25/25
 26623 | Shoals:1 | Entered Level 1 of the Shoals
 26706 | Shoals:1 | Reached skill level 10 in Shields
 27546 | Shoals:2 | Noticed Ilsuiw
 27557 | Shoals:2 | Killed Ilsuiw
 27846 | Shoals:2 | Found Cofrum's Weapon Boutique.
 27941 | Shoals:2 | Reached skill level 10 in Dodging
 28112 | Shoals:2 | Found Porayt's Armour Boutique.
 28243 | Shoals:2 | Found Arocef's Assorted Antiques.
 28552 | Shoals:3 | Reached skill level 15 in Invocations
 28627 | Shoals:3 | Found a large runed translucent door.
 28628 | Shoals:3 | Found a large runed translucent door.
 28631 | Shoals:3 | Noticed Piklurac's ghost (journeyman SpHu)
 29251 | Shoals:3 | Killed Piklurac's ghost
 29293 | Shoals:4 | Entered Level 4 of the Shoals
 29293 | Shoals:4 | Noticed Discosetron's ghost (veteran DjFE)
 29293 | Shoals:4 | Noticed Polyphemus
 29293 | Shoals:4 | Found a runed translucent door.
 29376 | Shoals:4 | Reached XP level 17. HP: 106/128 MP: 28/28
 30591 | Shoals:4 | Killed Polyphemus
 30853 | Shoals:4 | Got a barnacled rune of Zot
 31084 | Snake:1  | Entered Level 1 of the Snake Pit
 31097 | Snake:1  | Noticed Aizul
 31120 | Snake:1  | Killed Aizul
 31203 | Snake:1  | Reached skill level 10 in Evocations
 31291 | Snake:1  | Found a frozen archway.
 31335 | IceCv    | Entered an ice cave
 31571 | IceCv    | Reached XP level 18. HP: 140/140 MP: 1/30
 32924 | Snake:2  | Noticed Mlioglotl
 32939 | Snake:2  | Killed Mlioglotl
 33056 | Snake:2  | Found Zifoceh's Jewellery Shop.
 33057 | Snake:2  | Found Kybuo's Book Shoppe.
 33057 | Snake:2  | Found Giuliqeg's Book Shoppe.
 33287 | Snake:3  | Noticed Nikola
 33313 | Snake:3  | Killed Nikola
 33534 | Snake:3  | Found a transporter.
 33535 | Snake:3  | Noticed Vorhees's ghost (journeyman DECj)
 33549 | Snake:3  | Found a transporter.
 33620 | Snake:3  | Noticed Vashnia
 33662 | Snake:3  | Killed Vashnia
 34393 | Snake:4  | Entered Level 4 of the Snake Pit
 35380 | Snake:4  | Reached XP level 19. HP: 146/146 MP: 31/31
 36094 | Snake:4  | Noticed Donald
 36108 | Snake:4  | Killed Donald
 36194 | Snake:4  | Got a serpentine rune of Zot
 36606 | Depths:1 | Entered Level 1 of the Depths
 36680 | Depths:1 | Noticed a dread lich
 36786 | Depths:1 | Noticed Darold's ghost (veteran KoVM)
 36787 | Depths:1 | Found a one-way gate to the infinite horrors of the Abyss.
 36805 | Depths:1 | Found a transporter.
 36907 | Depths:1 | Noticed a profane servitor
 36973 | Depths:1 | Noticed a profane servitor
 37130 | Depths:1 | Identified a scroll of acquirement
 37204 | Depths:1 | Acquired 936 gold pieces
 37311 | Depths:1 | Found a transporter.
 37363 | Depths:1 | Reached skill level 15 in Fighting
 37444 | Depths:1 | Identified the ring of Xerchoul {*Slow rF+ Will+ Int+2
                  | Stlth+}
 37590 | Depths:1 | Noticed an ancient lich
 37606 | Depths:1 | Noticed a tentacled monstrosity
 37729 | Depths:1 | Found a gateway to Hell.
 38083 | Orc:1    | Entered Level 1 of the Orcish Mines
 38288 | Orc:2    | Entered Level 2 of the Orcish Mines
 38679 | Orc:2    | Found Ivah's Weapon Shoppe.
 38679 | Orc:2    | Found Nadghel's Jewellery Shop.
 38700 | Orc:2    | Found a staircase to the Elven Halls.
 38872 | Orc:2    | Found Maosch's Armour Shoppe.
 38872 | Orc:2    | Found Tyutreum's Antique Armour Shop.
 38885 | Orc:2    | Bought a glimmering cloak for 256 gold pieces
 38885 | Orc:2    | Identified the +0 cloak of Happy Babbling {rElec rF+ Int-4
                  | SInv} (You bought it in a shop on level 2 of the Orcish
                  | Mines)
 39512 | Vaults:1 | Entered Level 1 of the Vaults
 39664 | Vaults:1 | Reached XP level 20. HP: 162/162 MP: 32/32
 39813 | Vaults:1 | Reached skill level 15 in Armour
 40098 | Vaults:1 | Acquired the +0 hat of Dice, Bag, and Bottle {Rampage
                  | Dex+3}
 41760 | Vaults:2 | Got the Collected Works on the Throng
 42552 | Vaults:3 | Found a staircase to the Crypt.
 42640 | Vaults:3 | Reached skill level 15 in Dodging
 42640 | Vaults:3 | Reached XP level 21. HP: 118/168 MP: 33/33
 43009 | Vaults:3 | Noticed Margery
 43032 | Vaults:3 | Killed Margery
 43480 | Vaults:3 | Reached skill level 15 in Shields
 43766 | Vaults:3 | Found the +7 lajatang of Order {silver, rMut}
 43824 | Vaults:3 | Identified the +9 halberd of Circularity {heavy, rElec
                  | rPois Int-3}
 44051 | Vaults:4 | Found a glowing silver altar of Zin.
 44051 | Vaults:4 | Found a glowing golden altar of the Shining One.
 44054 | Vaults:4 | Found a crumbling gateway.
 44055 | Vaults:4 | Found a white marble altar of Elyvilon.
 44082 | Vaults:4 | Found Anuy's Antique Weapon Shoppe.
 44186 | Desolati | Entered the Desolation of Salt
 44708 | Vaults:4 | Paralysed by a sphinx for 4 turns
 44712 | Vaults:4 | Mangled by a deep troll

Illustrated notes

Levels and vault maps discovered:
D:1:      lightli_iron_boxes, layout_loops_corners, minmay_pentomino_q4
D:2:      layout_loops_corners, supply_closet_lemuel, kennysheep_potato
D:3:      layout_rooms, mainiacjoe_overflow_two_lobes,
          gammafunk_temple_overflow_wave, kennysheep_generic_room_11
D:4:      layout_layer_cave, uniq_menkaure
D:5:      layout_gridville, minmay_temple_entry_water_ring, serial_shops, shop,
          shop, nicolae_shop_real_fake_doors, nicolae_shop_rolling_square,
          kennysheep_mini_moat, lightli_ossuary_entry_decrepit_ruins,
          hangedman_decor_clover_reticule, uniq_blork_the_orc
D:6:      layout_basic, serial_shops, kennysheep_little_box
D:7:      layout_loops_corners, hangedman_decor_points, patterned_corridor
D:8:      layout_cave_pools, minmay_diced_spiral
D:9:      layout_cave_pods, hiddenorc2_lemuel, serial_column_ruins,
          column_ruins_hut, column_ruins_courtyard_long, column_ruins_grid_1,
          column_ruins_corridor_straight, column_ruins_open_tiny,
          column_ruins_open_tiny, column_ruins_columns_plus
D:10:     layout_basic, serial_curves, eino_curves_01, eino_curves_01,
          eino_curves_02, eino_curves_01, minmay_misc_feat_diagonals,
          uniq_erica, uniq_josephine, uniq_nergalle
D:11:     layout_cave_pools, hellmonk_lair_entry_icy, serial_park,
          serial_park_tiny_pond, serial_park_tiny_1, serial_park_gazebo
          [serial_park_minivault_5x5_3], serial_park_square3
          [serial_park_minivault_5x5_6]
D:12:     layout_basic
D:13:     layout_irregular_city, erik_vaults_1, serial_column_ruins,
          column_ruins_hut, column_ruins_corridor_T, column_ruins_open_tiny,
          column_ruins_corridor_dead_end, column_ruins_open_small,
          column_ruins_corridor_plus
D:14:     layout_cave_pools, kennysheep_another_room, uniq_rupert
D:15:     grunt_enter_depths_snipers, layout_basic, serial_park_square2,
          minivault_16, nicolae_fountain_basement
Temple:   nicolae_temple_no_exploring_needed
Lair:1:   layout_misc_corridors
Lair:2:   layout_small_grid, nicolae_shoals_entry_flooding, beast_lair_carwin_9,
          grunt_megastairs_1, lemuel_fruit_fields
Lair:3:   layout_long_grid, guppyfry_snake_entry_island,
          minmay_lair_oklob_items, grunt_megastairs_5
Lair:4:   layout_big_grid, serial_forest, infiniplex_forest_side_room,
          infiniplex_forest_clump_cross, infiniplex_forest_lined_2,
          infiniplex_forest_lined_room_2, infiniplex_forest_end_3,
          infiniplex_forest_end_2, infiniplex_forest_straight_5,
          grunt_megastairs_3
Lair:5:   hangedman_lair_caniforms_friends, layout_big_grid, slime_entry_1,
          bobbens_ice_dragon_lair
Shoals:1: layout_shoals
Shoals:2: layout_shoals, serial_shops, nicolae_lakefront_shop, shop, shop,
          uniq_ilsuiw
Shoals:3: layout_shoals, ebering_ghost_disaster_area
Shoals:4: shoals_end_grunt_ice, layout_shoals, shoals_ilsuiw_alternative,
          gammafunk_ghost_grave, uniq_polyphemus
Snake:1:  layout_honeycomb, portal_ice_cave_entry_ice_statue_two,
          grunt_megastairs_2, uniq_aizul
Snake:2:  layout_onion, minmay_shop_grove, uniq_mlioglotl
Snake:3:  layout_chambers, gammafunk_ghost_berserking_beasts, uniq_vashnia,
          uniq_nikola
Snake:4:  grunt_snake_rune_pools, layout_misc_corridors,
          nicolae_snake_scaly_snakehead, uniq_donald
Orc:1:    layout_diamond_mine, mines1_david
Orc:2:    st_orc_town, layout_caves
Vaults:1: nicolae_vaults_storage_room_water, vaults_mumra_minichess_inversion,
          nicolae_vaults_steering_wheel, v_misc_29,
          nicolae_vaults_little_squares_4, nicolae_vaults_shrinking_rooms_1,
          nicolae_vaults_yaktaur_gun_rack, ontoclasm_vaults_chip,
          nicolae_vaults_trapezoid_lopsided_4, nicolae_vaults_little_squares_5,
          nicolae_vaults_tetromino_T_1, layout_vaults_maze
Vaults:2: v_rooms_4, st_octagons_1, v_rooms_4, nicolae_vaults_house_3,
          hangedman_vaults_impose, nicolae_vaults_six-pack, vaults_room_pool,
          grunt_vaults_hallway_short, nicolae_vaults_trapezoid_lopsided_2,
          vaults_room_pools, vaults_room_corners, nicolae_vaults_stepped_doors,
          nicolae_vaults_tetromino_L_1, layout_vaults_big_room,
          serial_hangedman_research, hangedman_research_convocations
Vaults:3: nicolae_vaults_corridor_and_loot_room, nicolae_vaults_double_plus_2,
          nicolae_vaults_shrinking_rooms_2, nicolae_vaults_angled_halls,
          nicolae_vaults_hallways_thing, nicolae_vaults_network_square,
          minmay_crypt_entry_simple_sparse, ontoclasm_vaults_gateway,
          nicolae_vaults_doubleplus_tesselated, vaults_room_grid,
          hangedman_vaults_maws, nicolae_vaults_asterisk,
          nicolae_vaults_border_crossing, layout_vaults_big_cross, uniq_margery
Vaults:4: portal_desolation_entry_holy_temple, nicolae_vaults_apartment_2,
          nicolae_vaults_trapezoid_lopsided_2, dpeg_vaults_hating_casters,
          v_pattern_4, v_misc_17, hangedman_vaults_stream,
          nicolae_vaults_tetromino_T_1, nicolae_vaults_tetromino_Z_1,
          nicolae_vaults_rhombus_6, layout_vaults_omnigrid, serial_shops,
          nicolae_shop_back_alley_shop
Depths:1: layout_gridlike, hangedman_geh_valley, abyss_entry,
          gammafunk_ghost_abyssal_escape, small_chamber_with_monster,
          minmay_crystal_water

Skill      XL: |  1  2  3  4  5  6  7  8  9 10 11 12 13 14 15 16 17 18 19 20 21 |
---------------+----------------------------------------------------------------+-----
Polearms       | 5 6 7 8 10 12 14 | 14.0
Throwing       | 6 11 12 | 12.0
Armour         | 2 5 9 12 14 16 | 16.4
Invocations    | 6 9 11 12 15 16 | 16.0
Evocations     | 1 6 10 | 10.0
Fighting       | 6 9 10 12 15 | 15.0
Shields        | 6 8 10 13 14 16 | 16.0
Dodging        | 8 10 15 16 | 16.0

Action                     |  1- 3 |  4- 6 |  7- 9 | 10-12 | 13-15 | 16-18 | 19-21 || total
---------------------------+-------+-------+-------+-------+-------+-------+-------++-------
  Melee: Trident           |   106 |    23 |       |       |  1013 |  1813 |  1814 ||  4769
         Punch             |     1 |     1 |     8 |    19 |       |       |       ||    29
         Spear             |       |   203 |   666 |  1312 |   827 |       |       ||  3008
         Tailslap          |       |       |       |       |     1 |    39 |     2 ||    42
         Demon trident     |       |       |       |       |       |       |   322 ||   322
  Throw: Boomerang         |       |       |     4 |    15 |    95 |    43 |    18 ||   175
         Dart              |       |       |       |    32 |    54 |   102 |    15 ||   203
         Stone             |       |       |       |    28 |    16 |    40 |    52 ||   136
         Throwing net      |       |       |       |     1 |     2 |     2 |     1 ||     6
         Javelin           |       |       |       |       |       |     2 |     4 ||     6
 Invoke: Upheaval          |       |       |       |    13 |     8 |    15 |    24 ||    60
         Elemental Force   |       |       |       |     1 |     1 |     3 |       ||     5
  Evoke: Wand              |       |       |       |    27 |     2 |     7 |    51 ||    87
         Box of beasts     |       |       |       |       |       |     1 |     1 ||     2
         Lightning rod     |       |       |       |       |       |       |     1 ||     1
    Use: Scroll            |     6 |    10 |    12 |     6 |     5 |    17 |     8 ||    64
         Potion            |       |     1 |     3 |     9 |     3 |       |     4 ||    20
   Stab: Sleeping          |     4 |     2 |       |       |       |       |       ||     6
         Invisible         |       |       |       |     2 |     1 |       |     6 ||     9
         Paralysed         |       |       |       |       |     2 |     1 |       ||     3
         Petrified         |       |       |       |       |       |     4 |       ||     4
         Held in net/web   |       |       |       |       |       |     3 |     2 ||     5
 Armour: Leather armour    |    16 |    32 |    74 |   137 |       |       |       ||   259
         Skin              |       |       |       |     1 |       |       |       ||     1
         Troll leather arm |       |       |       |       |    45 |       |       ||    45
         Plate armour      |       |       |       |       |   182 |   385 |   332 ||   899
  Dodge: Dodged            |    40 |    79 |   189 |   335 |   392 |   610 |   509 ||  2154
         Repelled          |       |       |       |       |     3 |    34 |    11 ||    48
  Block: Other             |       |       |     9 |   235 |       |       |       ||   244
         Reflection        |       |       |       |     6 |    15 |    77 |   100 ||   198
         Buckler           |       |       |       |     4 |   828 |  1324 |  1422 ||  3578
